 Dungeon Crawl Stone Soup version 0.22-a0-571-g4a923d4 (webtiles) character file.

203 iamserjio the Covered (level 5, 33/33 HPs)
             Began as a Gargoyle Fighter on July 1, 2018.
             Was a Follower of Zin.
             Quit the game on level 4 of the Dungeon.
             The game lasted 00:04:22 (602 turns).

iamserjio the Covered (Gargoyle Fighter)             Turns: 602, Time: 00:04:22

Health: 33/33      AC: 11    Str: 19    XL:     5   Next: 81%
Magic:  5/5        EV:  7    Int:  9    God:    Zin [*.....]
Gold:   74         SH:  9    Dex: 10    Spells: 4/4 levels left

rFire    + . .     SeeInvis .   a - +0 war axe
rCold    . . .     Gourm    .   c - +0 shield
rNeg     + . .     Faith    .   b - +0 scale mail
rPois    ∞         Spirit   .   (no helmet)
rElec    +         Reflect  .   (no cloak)
rCorr    .         Harm     .   (no gloves)
MR       .....                  (no boots)
Stlth    ..........             (no amulet)
HPRegen  0.11/turn              e - ring of protection from fire
MPRegen  0.09/turn              g - ring of poison resistance

@: no status effects
A: negative energy resistance 1, electricity resistance, unbreathing,
petrification resistance, rot immunity, AC +4
a: Recite, Donate Gold, Renounce Religion


You were on level 4 of the Dungeon.
You worshipped Zin.
Zin was aware of your devotion.
You were not hungry.

You visited 1 branch of the dungeon, and saw 4 of its levels.

You collected 82 gold pieces.
You donated 8 gold pieces to Zin.

Inventory:

Hand Weapons
 a - a +0 war axe (weapon)
Missiles
 h - 3 tomahawks (quivered)
Armour
 b - a +0 scale mail (worn)
 c - a +0 shield (worn)
 i - a +2 leather armour of magic resistance
Jewellery
 e - a ring of protection from fire (left hand)
 g - a ring of poison resistance (right hand)
 m - a +3 ring of evasion {unknown}
Wands
 d - a wand of polymorph (11)
 l - a wand of disintegration (14)
Potions
 j - a potion of berserk rage {unknown}
 k - a potion of curing {unknown}
Comestibles
 f - 4 rations


   Skills:
 + Level 4.2 Fighting
 * Level 3.6 Axes
 + Level 4.2 Armour
 + Level 4.2 Shields


You had 4 spell levels left.
You didn't know any spells.
Your spell library was empty.

Dungeon Overview and Level Annotations

Branches:
Dungeon (4/15)
 Temple: D:4-7

Altars:
Gozag
Hepliaklqana
Nemelex Xobeh
Okawaru
Zin


Innate Abilities, Weirdness & Mutations

You are resistant to torment.
Your stone body is resilient. (AC +4)
You are immune to poison.
You resist negative energy. (rN+)
You are resistant to electric shocks. (rElec)
You can survive without breathing.
You are immune to petrification.
You are immune to rotting.


Message History

Really renounce your faith, foregoing its fabulous benefits?
Are you sure you won't change your mind later? [Y]es or [N]o only, please.
Are you sure you won't change your mind later?
You have lost your religion!
Nemelex Xobeh does not appreciate desertion!
Your access to Nemelex Xobeh's decks is revoked.
There is a faded altar of an unknown god here.
You cannot tell which god this altar belongs to.
Convert to them anyway?
Okay, then.
Unknown command.
Press < or > to pray at altars.
You cannot tell which god this altar belongs to.
Convert to them anyway?
Zin accepts your prayer! Zin welcomes you!
You pay a tithe of 8 gold.
You can now donate money to Zin.
You can now recite Zin's Axioms of Law.
You see here a quokka corpse.
There is an open door here.
Are you sure you want to abandon this character and quit the game? (Confirm with "yes".)

#############
#.....[......
#######.#####$.....
#.@................
#.#####.###........
#. #.####......# #.
#........#### ..
#######..# .# ##'#
#. #####†#### ##
##.........
###..#######.


There were no monsters in sight!

Vanquished Creatures
  A scorpion (D:4)
  2 howler monkeys (D:4)
  Ijyb (D:3)
  An iguana (D:4)
  A leopard gecko (D:3)
  An orc (D:4)
  3 giant cockroaches
  2 goblins
  3 hobgoblins
  2 jackals (D:1)
  A quokka (D:4)
  A ball python (D:4)
  2 bats (D:1)
  2 frilled lizards (D:1)
  2 kobolds (D:1)
  4 rats (D:1)
29 creatures vanquished.

Notes
Turn   | Place    | Note
-------+----------+-------------------------------------------
     0 | D:1      | iamserjio the Gargoyle Fighter began the quest for the Orb.
     0 | D:1      | Reached XP level 1. HP: 14/14 MP: 1/1
    14 | D:1      | Reached XP level 2. HP: 7/19 MP: 2/2
   270 | D:3      | Reached XP level 3. HP: 16/23 MP: 3/3
   323 | D:3      | Noticed Ijyb
   327 | D:3      | Killed Ijyb
   387 | D:4      | Noticed a scorpion
   394 | D:4      | Killed a scorpion
   394 | D:4      | Reached XP level 4. HP: 28/29 MP: 4/4
   441 | D:4      | Reached XP level 5. HP: 33/33 MP: 5/5
   555 | D:4      | Found a hazy altar of Hepliaklqana.
   555 | D:4      | Found a faded altar of an unknown god.
   561 | D:4      | Found a faded altar of an unknown god.
   563 | D:4      | Found an opulent altar of Gozag.
   564 | D:4      | Found an iron altar of Okawaru.
   571 | D:4      | Became a worshipper of Nemelex Xobeh the Trickster
   571 | D:4      | Received a gift from Nemelex Xobeh
   571 | D:4      | Reached * piety under Nemelex Xobeh
   572 | D:4      | Fell from the grace of Nemelex Xobeh
   580 | D:4      | Became a worshipper of Zin the Law-Giver
   580 | D:4      | Reached * piety under Zin
   602 | D:4      | Quit the game

Vault maps used:
D:1:      dpeg_arrival_arbitrary_c, nrook_loot_triangle
D:2:      uniq_terence
D:3:      tso_oasis_becter, uniq_ijyb
D:4:      chequers_temple_overflow_minitemple, first_ration,
          gammafunk_ghost_necromancy, uniq_robin

Skill      XL: |  1  2  3  4 |
---------------+-------------+-----
Axes           | 2 3 |  3.6
Fighting       | 4 |  4.2
Armour         | 4 |  4.2
Shields        | 4 |  4.2

Action                   |  1- 3 |  4- 6 || total
-------------------------+-------+-------++-------
Melee: War axe           |    70 |    20 ||    90
       Unarmed           |     3 |       ||     3
Invok: Renounce Religion |       |     1 ||     1
  Use: Potion            |     1 |       ||     1
Armor: Scale mail        |    84 |     7 ||    91
       Skin              |     1 |       ||     1
Dodge: Dodged            |    54 |    10 ||    64
Block: Shield            |    75 |     5 ||    80

Table legend:
 A = Spawn XP
 B = Non-spawn XP
 C = Spawn XP percentage of total XP
 D = Spawn monster count
 E = Non-spawn monster count
 F = Spawn count percentage of total count
 G = Total turns spent on level
                    A         B        C        D         E        F      G
               +---------+---------+-------+---------+---------+-------+---------
         Total |       0 |     290 |   0.0 |       0 |      29 |   0.0 |   602
               +---------+---------+-------+---------+---------+-------+---------
           D:1 |       0 |      23 |   0.0 |       0 |      16 |   0.0 |   160
           D:2 |       0 |       4 |   0.0 |       0 |       2 |   0.0 |    39
           D:3 |       0 |      43 |   0.0 |       0 |       4 |   0.0 |   167
           D:4 |       0 |     220 |   0.0 |       0 |       7 |   0.0 |   236
               +---------+---------+-------+---------+---------+-------+---------
